FIQ, neutral male gnomish Wizard ------- |...... ------------- ------ |.....| # # |.{..>....... |....| |......####%............| .....| |..*..|# ----------.-- |....| |.....|# #X ##-.....# -------# G # ------# # #%[ ### # # # -|------# # ############## |......|# # #-%----# |.......# # #|....|##### |......| # --------- #|....-----# # |.{....-#G#### ### |.....n.| #-%.......|########### |.h....| # #-----.......| |...<....| #--+-- ##.......| ####-...........| |........| #-...| # -------- # |...........| ---------- |....####### ............| +...| |...........| ----- ------.-.---- FIQ the Magician Experience level: 13 Strength: 18/07 Dexterity: 12 Constitution: 17 Intelligence: 20 Wisdom: 19 Charisma: 6 Health: 0(92) Energy: 17(149) Def: 11 Gold: 0 Moves: 30216 Dungeon seed: saP-PcGXiKSHeedv Game ID: FIQ_1465238380 Your Inventory: Amulets f - an uncursed amulet of ESP (being worn) Weapons m - a blessed +1 quarterstaff (weapon in hands) Armor e - an uncursed rotted +0 cloak of magic resistance (being worn) n - a blessed +1 pair of gauntlets of dexterity (being worn) r - a blessed greased +0 silver dragon scale mail (being worn) Comestibles z - 2 uncursed food rations C - an uncursed partly eaten lizard corpse Rings U - an uncursed ring of teleport control (on left hand) X - an uncursed ring of slow digestion (on right hand) Wands E - an uncursed wand of cold (0:5) Tools b - an uncursed sack g - an uncursed can of grease (0:15) h - an uncursed -3 unicorn horn k - an uncursed skeleton key l - a blessed oil lamp (0:1424) s - an uncursed stethoscope t - an uncursed towel w - an uncursed magic whistle H - an uncursed horn of plenty (0:8) Gems Y - an uncursed luckstone Contents of the sack: 6606 gold pieces 3 uncursed apples an uncursed candy bar 2 uncursed cream pies 2 uncursed eggs 3 uncursed eucalyptus leaves 11 uncursed food rations 6 uncursed fortune cookies 2 uncursed lembas wafers an uncursed lichen corpse 2 uncursed lizard corpses 13 uncursed lumps of royal jelly 2 uncursed oranges 4 uncursed pancakes 5 uncursed pears 3 uncursed slime molds 2 cursed tins of kobold meat 4 uncursed tripe rations 2 blessed scrolls of blank paper an uncursed scroll of blank paper an uncursed scroll of create monster 5 uncursed scrolls of identify 3 uncursed scrolls of light an uncursed scroll of magic mapping 3 uncursed scrolls of teleportation an uncursed spellbook of detect monsters a cursed spellbook of fireball a cursed potion of acid a blessed potion of confusion 4 uncursed potions of extra healing an uncursed potion of full healing an uncursed potion of gain ability a blessed potion of gain energy an uncursed potion of object detection an uncursed ring of conflict an uncursed ring of free action an uncursed ring of free action an uncursed -2 ring of increase damage an uncursed ring of invisibility an uncursed ring of poison resistance an uncursed ring of polymorph control a cursed ring of protection from shape changers an uncursed ring of searching an uncursed ring of shock resistance an uncursed ring of sustain ability an uncursed ring of teleport control an uncursed wand of digging (0:1) an uncursed wand of enlightenment (0:7) an uncursed wand of enlightenment (0:6) an uncursed wand of light (0:13) an uncursed wand of light (0:10) an uncursed wand of lightning (0:6) an uncursed wand of magic missile (0:6) an uncursed wand of magic missile (0:5) an uncursed wand of magic missile (0:4) an uncursed wand of slow monster (0:3) an uncursed wand of speed monster (0:3) an uncursed wand of teleportation (0:3) an uncursed chrysoberyl stone an uncursed diamond an uncursed fluorite stone 3 uncursed garnet stones Spells and supernatural/magical abilities: Name Level Category Fail Memory a - force bolt 1 attack 0% 61% c - cause fear 3 enchantment 0% 61% i - invisibility 4 escape 77% 2% k - knock 1 matter 0% 2% l - light 1 divination 0% 34% m - magic missile 2 attack 0% 61% n - detect monsters 1 divination 0% 72% r - remove curse 3 clerical 48% 60% s - slow monster 2 enchantment 0% 61% t - teleport away 6 escape 100% 68% z - sleep 1* enchantment 0% 0% E - detect food 2* divination 0% 0% F - finger of death 7 attack 77% 36% I - identify 3 divination 0% 60% S - stone to flesh 3 healing 48% 61% W - pray for help -- divine ? -- Your skills at the end: Miscellaneous Skills wands [Basic] Weapon Skills quarterstaff [Basic] crossbow [Basic] Spellcasting Skills attack spells [Skilled] divination spells [Basic] enchantment spells [Basic] Final Attributes: You were aligned. You were cold resistant. You were sleep resistant. You were poison resistant. You were magic-protected. You were telepathic. You had infravision. You were sensing the presence of monsters. You had teleport control. You had slower digestion. You had reflection. You were extremely lucky. You had extra luck. Bad luck did not time out for you. Good luck did not time out for you. You are dead. Vanquished creatures: a trapper a nurse 2 black puddings a queen bee a mind flayer 2 giant mimics an ogre king a flesh golem a doppelganger a large mimic 5 stalkers an earth elemental 2 black nagas a xorn 2 elf-lords 3 wargs 4 small mimics an island nymph 6 xans an ettin mummy an ogre lord 12 trolls 3 pyrolisks a large dog 3 freezing spheres a flaming sphere 2 shocking spheres 2 tigers a gargoyle 4 tengu 2 ochre jellies 4 chameleons a crocodile 2 mountain centaurs a giant 2 elf mummies a human mummy a python a cobra 2 wraiths 2 ettin zombies 3 leather golems 6 Grey-elves an incubus 5 giant beetles 5 cockatrices 3 wolves 2 winter wolf cubs 4 lynxes 2 panthers a gremlin 7 leprechauns a quivering blob a spotted jelly 4 lizards 2 mountain nymphs 2 orc-captains 2 mumakil 7 giant spiders a scorpion 4 iron piercers 4 horses 3 black lights 3 vampire bats 2 forest centaurs 3 gnome kings an orc mummy a dwarf mummy 4 ogres 2 brown puddings 2 owlbears 3 yetis a werewolf 5 Green-elves 7 chickatrices 3 dogs a dingo 3 jaguars 4 blue jellies a water nymph a black unicorn 2 dust vortices 2 ravens 3 plains centaurs 4 gnome mummies 2 apes 3 human zombies 8 Woodland-elves 4 soldier ants 4 fire ants 15 bugbears 4 imps 5 quasits 2 baby crocodiles a wood nymph 9 Mordor orcs 8 Uruk-hai 2 orc shamans 2 rock moles 5 rock piercers 3 ponies 3 fog clouds 5 yellow lights 6 shriekers a violet fungus 3 gnome lords 2 gnomish wizards 3 kobold mummies 2 red naga hatchlings 2 golden naga hatchlings a guardian naga hatchling 4 gray oozes 2 barrow wights 2 elf zombies a straw golem 2 paper golems 18 giant ants a little dog 10 floating eyes 3 kittens a dwarf 2 homunculi 2 kobold lords 9 kobold shamans 12 iguanas 16 hill orcs 22 rothes 4 rabid rats 5 giant bats 2 monkeys 5 orc zombies a dwarf zombie 6 wererats 5 werejackals 53 killer bees 11 coyotes 14 hobbits 6 large kobolds 10 geckos 24 hobgoblins 19 giant rats 6 cave spiders 3 brown molds 5 yellow molds 6 green molds 4 red molds 7 gnomes 22 garter snakes 19 manes 5 gnome zombies 11 jackals 5 foxes 7 kobolds 11 newts 11 goblins 4 sewer rats 15 grid bugs 4 bats 11 lichens 5 kobold zombies 753 creatures vanquished. Voluntary challenges: You used a wielded weapon 182 times, starting on turn 132. You read items or engraved 202 times, starting on turn 2284. You never genocided any monsters. You never polymorphed an object. You never changed form. You cheated 1 time but completed Sokoban on turn 15410. You used 1 wish, starting on turn 23646. You did not wish for any artifacts. You never split a pudding. You wrote Elbereth's name 3 times, starting on turn 11766. You violated your moral code, losing 13 points of alignment, starting on turn 4162. Dungeon overview: The Dungeons of Doom: levels 1 to 17 Level 1 some fountains a long staircase Level 2 a jewelry store, some fountains Level 3 a general store stairs to The Gnomish Mines Level 4 Level 5 a fountain Level 6 a fountain Level 7 Level 8 many fountains Level 9 an altar to Thoth stairs to Sokoban Level 10 Level 11 a fountain Level 12 Level 13 Level 14 a fountain, a sink Level 15 Level 16 a sink Level 17 <- You were here some fountains The Gnomish Mines: levels 4 to 12 Level 4 stairs to The Dungeons of Doom Level 5 Level 6 many shops, a temple to Anhur, a magic chest, some fountains Level 7 Level 8 Level 9 Level 10 Level 11 Level 12 a magic chest, a fountain Sokoban: levels 5 to 8 Level 5 a magic chest Level 6 Level 7 Level 8 a magic chest stairs to The Dungeons of Doom History has recorded: On T:1 you entered the Dungeons of Doom to retrieve the Amulet of Yendor! On T:530 you reached level 2 of The Dungeons of Doom. On T:536 you advanced to experience level 2. On T:736 you advanced to experience level 3. On T:1030 you reached level 3 of The Dungeons of Doom. On T:1191 you reached level 1 of The Gnomish Mines. On T:1368 you advanced to experience level 4. On T:1646 you reached level 2 of The Gnomish Mines. On T:1795 you advanced to experience level 5. On T:2004 you reached level 3 of The Gnomish Mines. On T:2087 you entered the Minetown temple On T:2185 you advanced to experience level 6. On T:2283 you opened a magic chest. On T:2286 you opened a magic chest. On T:2288 you opened a magic chest. On T:2325 you reached level 4 of The Gnomish Mines. On T:2711 you reached level 5 of The Gnomish Mines. On T:2851 you advanced to experience level 7. On T:3192 you reached level 6 of The Gnomish Mines. On T:4093 you reached level 7 of The Gnomish Mines. On T:4417 you reached level 8 of The Gnomish Mines. On T:4438 you advanced to experience level 8. On T:4825 you advanced to experience level 9. On T:5058 you reached level 9 of The Gnomish Mines. On T:5058 you reached the bottom of the Mines. On T:5335 you opened a magic chest. On T:7040 you opened a magic chest. On T:8239 you reached level 4 of The Dungeons of Doom. On T:8749 you reached level 5 of The Dungeons of Doom. On T:9048 you reached level 6 of The Dungeons of Doom. On T:9665 you reached level 7 of The Dungeons of Doom. On T:10116 you reached level 8 of The Dungeons of Doom. On T:10606 you reached level 9 of The Dungeons of Doom. On T:10717 you reached level 4 of Sokoban. On T:10811 you opened a magic chest. On T:11118 you reached level 3 of Sokoban. On T:11785 you advanced to experience level 10. On T:12242 you reached level 2 of Sokoban. On T:13214 you advanced to experience level 11. On T:13621 you reached level 1 of Sokoban. On T:15410 you entered the Sokoban zoo. On T:16956 you opened a magic chest. On T:17007 you reached level 10 of The Dungeons of Doom. On T:21188 you reached level 11 of The Dungeons of Doom. On T:21475 you advanced to experience level 12. On T:21476 you received advice from The Oracle. On T:21476 you advanced to experience level 13. On T:22275 you opened a magic chest. On T:22277 you opened a magic chest. On T:22286 you opened a magic chest. On T:22288 you opened a magic chest. On T:22292 you opened a magic chest. On T:22316 you opened a magic chest. On T:22318 you opened a magic chest. On T:22321 you opened a magic chest. On T:22485 you opened a magic chest. On T:23516 you opened a magic chest. On T:23646 you wished for "blessed greased fixed +3 silver dragon scale mail". On T:23723 you opened a magic chest. On T:23727 you opened a magic chest. On T:23730 you opened a magic chest. On T:24135 you reached level 12 of The Dungeons of Doom. On T:24725 you reached level 13 of The Dungeons of Doom. On T:27563 you reached level 14 of The Dungeons of Doom. On T:28284 you reached level 15 of The Dungeons of Doom. On T:28841 you reached level 16 of The Dungeons of Doom. On T:29586 you reached level 17 of The Dungeons of Doom. Score breakdown: Gold: 6606 ( 660 points) Experience: 13 levels ( 1200 points) Exploration: 17 levels ( 480 points) Discoveries: 99 items ( 2000 points) Variety of kills: 160 monsters ( 2000 points) Major goal: Sokoban/Mines ( 1500 points) Survival: died (score multiplied by 3) Total score: 23520 Latest messages: You sense the presence of monsters. You sense the presence of monsters. You sense the presence of monsters. You sense the presence of monsters. The ettin wields a pick-axe! The ettin swings his pick-axe. The ettin hits you! You sense the presence of monsters. The ettin swings his pick-axe. The ettin hits you! The ettin swings his pick-axe. The ettin hits you! The ettin swings his pick-axe. The ettin hits you! The ettin swings his pick-axe. The ettin hits you! You sense the presence of monsters. The ettin swings his pick-axe. The ettin hits you! The ettin swings his pick-axe. The ettin hits you! You die... Final status: Goodbye FIQ the Wizard, killed by an ettin... You died in The Dungeons of Doom on dungeon level 17 with 23520 points, and 6606 pieces of gold, after 30216 moves. You were level 13 with a maximum of 92 hit points when you died.